 Dungeon Crawl Stone Soup version 0.21-a0-442-g848f44b (webtiles) character file.

3016 mortelune the Basher (level 9, -5/59 HPs)
             Began as a Gargoyle Fighter on Nov 12, 2017.
             Was an Initiate of Okawaru.
             Slain by an orc warrior
             ... wielding a +0 glaive
              (13 damage)
             ... on level 8 of the Dungeon.
             The game lasted 00:20:54 (6425 turns).

mortelune the Basher (Gargoyle Fighter)             Turns: 6425, Time: 00:20:55

Health: -5/59      AC: 28    Str: 24    XL:     9   Next: 85%
Magic:  9/9        EV:  4    Int:  8    God:    Okawaru [......]
Gold:   493        SH:  9    Dex:  9    Spells: 8/8 levels left

rFire    . . .     SeeInvis .   a - +1 flail
rCold    . . .     Gourm    +   c - +0 shield
rNeg     + . .     Faith    .   K - +0 plate armour
rPois    ∞         Spirit   .   z - +0 helmet
rElec    +         Reflect  .   n - +1 cloak
rCorr    .         Harm     .   M - +2 pair of gloves
MR       .....                  N - +0 pair of boots
Stlth    ..........             E - amulet of the gourmand
HPRegen  0.19/turn              (no ring)
MPRegen  0.11/turn              (no ring)

@: no status effects
A: negative energy resistance 1, electricity resistance, unbreathing,
petrification resistance, rot immunity, AC +6
a: Renounce Religion


You were on level 8 of the Dungeon.
You worshipped Okawaru.
Okawaru was noncommittal.
You were not hungry.

You visited 2 branches of the dungeon, and saw 9 of its levels.

You collected 493 gold pieces.

Inventory:

Hand Weapons
 a - a +1 flail (weapon)
Missiles
 q - a throwing net (quivered)
Armour
 b - a +0 scale mail
 c - a +0 shield (worn)
 k - a +0 ring mail
 l - a +4 scale mail of cold resistance
 m - a +0 helmet
 n - a +1 cloak (worn)
 z - a +0 helmet (worn)
 K - a +0 plate armour (worn)
 M - a +2 pair of gloves (worn)
 N - a +0 pair of boots (worn)
Jewellery
 E - an amulet of the gourmand (around neck)
Wands
 t - a wand of digging (20/24)
 y - a wand of flame (26/48)
 C - a wand of paralysis (17/24)
 I - a wand of scattershot (5/9)
Scrolls
 e - a scroll of enchant weapon
 o - a scroll of blinking
 p - a scroll of recharging
 r - 3 scrolls of teleportation
 v - 2 scrolls of magic mapping
 x - a scroll of immolation {unknown}
 A - a scroll of remove curse {unknown}
 B - a scroll of fear {unknown}
 D - a scroll of amnesia
 F - a scroll of noise {unknown}
 J - a scroll of random uselessness {unknown}
Potions
 d - a potion of might
 i - a potion of brilliance
 j - a potion of invisibility
 s - 5 potions of curing
 u - a potion of lignification
 w - a potion of magic
 L - a potion of agility
Books
 H - a book of Conjurations

   Spells                             Type                      Level
   a - Magic Dart                     Conjuration                  1
   b - Searing Ray                    Conjuration                  2
   c - Dazzling Spray                 Conjuration/Hexes            3
   d - Fulminant Prism                Conjuration/Hexes            4
   e - Force Lance                    Conjuration/Translocation    4
   f - Iskenderun's Mystic Blast      Conjuration                  4
Comestibles
 f - 8 bread rations
 g - a fruit
 h - 5 meat rations


   Skills:
 + Level 8.1 Fighting
 * Level 9.7 Maces & Flails
 + Level 8.0 Armour
 - Level 3.2 Shields


You had 8 spell levels left.
You didn't know any spells.

Dungeon Overview and Level Annotations

Branches:
Dungeon (8/15)             Temple (1/1) D:7            Lair (0/6) D:8

Altars:
Ashenzari
Hepliaklqana
Kikubaaqudgha
Nemelex Xobeh
Okawaru
Qazlal
Ru
Trog
Vehumet
Xom
Zin


Innate Abilities, Weirdness & Mutations

You are resistant to torment.
Your stone body is resilient. (AC +6)
You are immune to poison.
You resist negative energy. (rN+)
You are resistant to electric shocks. (rElec)
You can survive without breathing.
You are immune to petrification.
You are immune to rotting.


Message History

You see here a tomahawk.
The orc throws a tomahawk.
You block the tomahawk.
You see here a tomahawk.
The orc priest looks satisfied for a moment.
The orc priest mumbles some strange prayers to Beogh against you.
Beogh smites you!
The orc priest begins to cast a cantrip, but forgets the words!
Your shield and plate armour prevent you from hitting the warg.
The warg bites you.
The orc priest calls down the wrath of Beogh upon you.
Beogh smites you!
* * * LOW HITPOINT WARNING * * *
You see here a dagger.
The warg bites you!
* * * LOW HITPOINT WARNING * * *
There is a stone staircase leading up here.
The warg stops to sniff the ground.
You block the warg's attack.
The orc warrior hits you from afar with a glaive!
You die...

..# ##.((.#
#.#.###.oo###
#.#.##...o..#
#.#.#.......#
#.#.##.....##
#.#.###..o##
#.#.###o..#
#.)..†o###.#
#..@ho## #..
#.....# #.#
#..†..## ...
#......# ...
###.###.# .#
#.. #.# ####
... ###


You could see a warg, an orc warrior and 3 orc priests.

Vanquished Creatures
  Grinder (D:3)
  A hungry ghost (D:7)
  A warg (D:8)
  Menkaure (D:6)
  An orc warrior (D:7)
  5 ogres
  A centaur (D:5)
  2 phantoms
  3 big kobolds (D:6)
  Blork the orc (D:6)
  3 scorpions
  An electric eel (D:6)
  2 howler monkeys
  A bullfrog zombie (D:7)
  A centaur zombie (D:7)
  2 crimson imps
  A gnoll shaman (D:4)
  4 hounds
  2 jellies (D:3)
  An orc priest (D:6)
  2 orc wizards
  A bullfrog skeleton (D:4)
  Terence (D:3)
  Jessica (D:3)
  Ijyb (D:2)
  5 worker ants
  4 iguanas
  13 gnolls
  7 adders
  11 oozes
  4 adder skeletons
  A worm (D:3)
  A dart slug (D:3)
  A leopard gecko (D:6)
  22 orcs
  5 giant cockroaches
  26 goblins
  26 hobgoblins
  3 quokkas
  7 bats
  4 frilled lizards
  17 kobolds
  5 rats
203 creatures vanquished.

Vanquished Creatures (others)
  A shadow imp (D:6)
  2 fungi (D:3)
  5 toadstools (D:3)
8 creatures vanquished.

Grand Total: 211 creatures vanquished

Notes
Turn   | Place    | Note
-------+----------+-------------------------------------------
     0 | D:1      | mortelune the Gargoyle Fighter began the quest for the Orb.
     0 | D:1      | Reached XP level 1. HP: 14/14 MP: 1/1
   200 | D:1      | Reached XP level 2. HP: 19/19 MP: 2/2
   980 | D:1      | Reached XP level 3. HP: 23/23 MP: 3/3
  1138 | D:2      | Reached skill level 3 in Maces & Flails
  1253 | D:2      | Found a shimmering altar of Xom.
  1552 | D:2      | Reached XP level 4. HP: 15/29 MP: 4/4
  2010 | D:3      | Noticed Ijyb
  2188 | D:2      | Killed Ijyb
  2188 | D:2      | Reached XP level 5. HP: 27/33 MP: 5/5
  2192 | D:2      | Reached skill level 4 in Maces & Flails
  2237 | D:3      | Noticed Terence
  2261 | D:3      | Killed Terence
  2420 | D:3      | Noticed Jessica
  2444 | D:3      | Killed Jessica
  2444 | D:3      | Reached XP level 6. HP: 29/39 MP: 6/6
  2551 | D:3      | Noticed Grinder
  2564 | D:3      | Paralysed by Grinder for 3 turns
  2576 | D:3      | Killed Grinder
  2576 | D:3      | Reached skill level 5 in Fighting
  2576 | D:3      | Reached skill level 5 in Maces & Flails
  2576 | D:3      | Reached skill level 5 in Armour
  2669 | D:3      | Reached XP level 7. HP: 44/44 MP: 7/7
  3123 | D:4      | Reached skill level 6 in Maces & Flails
  3395 | D:4      | Reached XP level 8. HP: 50/51 MP: 8/8
  3598 | D:5      | Entered Level 5 of the Dungeon
  3721 | D:4      | Reached skill level 7 in Maces & Flails
  4349 | D:6      | Noticed Menkaure
  4356 | D:6      | Killed Menkaure
  4356 | D:6      | Reached skill level 8 in Maces & Flails
  4356 | D:6      | Reached XP level 9. HP: 38/56 MP: 9/9
  5212 | D:6      | Noticed Blork the orc
  5221 | D:6      | Killed Blork the orc
  5736 | D:7      | Reached skill level 9 in Maces & Flails
  6132 | D:7      | Found a staircase to the Ecumenical Temple.
  6136 | Temple   | Entered the Ecumenical Temple
  6147 | Temple   | Became a worshipper of Warmaster Okawaru
  6409 | D:8      | Found a staircase to the Lair.
  6425 | D:8      | Slain by an orc warrior

Vault maps used:
D:1:      wheals_arrival_linesprint
D:2:      xom_teletrap_fun, minivault_23
D:3:      cheibrodos_fertilizer, uniq_ijyb, uniq_terence, uniq_jessica,
          uniq_grinder
D:4:      first_bread
D:5:      dk_noncrumbling_3
D:6:      minmay_goblin_kobold_castle, uniq_menkaure, uniq_blork_the_orc
D:7:      minmay_temple_entry_grid
D:8:      erik_lair_orcish_takeover, uniq_grum, uniq_erica, uniq_prince_ribbit1
Temple:   compressed_dpeg_triangle_lava_temple

Skill      XL: |  1  2  3  4  5  6  7  8  9 |
---------------+----------------------------+-----
Maces & Flails | 3 4 5 6 8 9 |  9.7
Fighting       | 4 5 6 8 |  8.1
Armour         | 4 5 6 8 |  8.0
Shields        | |  3.2

Action                   |  1- 3 |  4- 6 |  7- 9 || total
-------------------------+-------+-------+-------++-------
Melee: Flail             |   118 |   133 |   667 ||   918
  Use: Scroll            |       |     3 |     9 ||    12
  Eat: Chunk             |     2 |     3 |    15 ||    20
       Fruit             |       |       |     2 ||     2
       Bread ration      |       |       |     1 ||     1
Armor: Scale mail        |   106 |   114 |   443 ||   663
       Plate armour      |       |       |    35 ||    35
Dodge: Dodged            |    54 |    82 |   220 ||   356
Block: Shield            |    86 |   129 |   372 ||   587

Table legend:
 A = Spawn XP
 B = Non-spawn XP
 C = Spawn XP percentage of total XP
 D = Spawn monster count
 E = Non-spawn monster count
 F = Spawn count percentage of total count
 G = Total turns spent on level
                    A         B        C        D         E        F      G
               +---------+---------+-------+---------+---------+-------+---------
         Total |       0 |    4309 |   0.0 |       0 |     203 |   0.0 |  6425
               +---------+---------+-------+---------+---------+-------+---------
           D:1 |       0 |      34 |   0.0 |       0 |      18 |   0.0 |  1033
           D:2 |       0 |     161 |   0.0 |       0 |      20 |   0.0 |  1103
           D:3 |       0 |     578 |   0.0 |       0 |      30 |   0.0 |   915
           D:4 |       0 |     794 |   0.0 |       0 |      22 |   0.0 |   674
           D:5 |       0 |     533 |   0.0 |       0 |      22 |   0.0 |   578
           D:6 |       0 |    1095 |   0.0 |       0 |      72 |   0.0 |  1401
           D:7 |       0 |     769 |   0.0 |       0 |      16 |   0.0 |   544
           D:8 |       0 |     345 |   0.0 |       0 |       3 |   0.0 |   160
               +---------+---------+-------+---------+---------+-------+---------
